 Dungeon Crawl Stone Soup version 0.31-a0-214-gb37851dbb3 (webtiles) character file.

Game seed: 1627481967546292695

499 qw the Shooter (level 6, 0/53 HPs)
             Began as a Minotaur Hexslinger on June 30, 2023.
             Was a Follower of Okawaru.
             Slain by a water moccasin (2 damage)
             ... on level 5 of the Dungeon.
             The game lasted 00:01:16 (3099 turns).

qw the Shooter (Minotaur Hexslinger)                Turns: 3099, Time: 00:01:17

Health: 0/53       AC: 10    Str: 13    XL:     6   Next: 94%
Magic:  4/6        EV: 14    Int: 10    God:    Okawaru [*.....]
Gold:   222        SH:  0    Dex: 14    Spells: 6/7 levels left

rFire   + . .        Y - +2 sling
rCold   . . .        (no shield)
rNeg    . . .        g - +3 leather armour
rPois   .            (helmet restricted)
rElec   .            e - +2 cloak
rCorr   .            (no gloves)
SInv    .            (no boots)
Will    .....        (no amulet)
Stlth   +++          a - ring of protection from fire
HPRegen 0.28/turn    (no ring)
MPRegen 0.10/turn

%: no passive effects
@: lethally poisoned (0 -> -4), about to teleport, heroic
A: horns 2, retaliatory headbutt
a: Renounce Religion, Heroism


You were on level 5 of the Dungeon.
You worshipped Okawaru.
Okawaru was aware of your devotion.
You visited 1 branch of the dungeon, and saw 5 of its levels.

You collected 222 gold pieces.


Innate Abilities, Weirdness & Mutations

You have a pair of horns on your head.
You reflexively headbutt those who attack you in melee.


   Skills:
 - Level 4.4(9.4) Fighting
 + Level 6.6(11.6) Ranged Weapons
 - Level 1.5(6.5) Armour
 - Level 2.1(7.1) Dodging
 - Level 1.0 Spellcasting
 - Level 2.0 Hexes
 + Level 1.7 Invocations


You had 6 spell levels left.
You knew the following spells:

 Your Spells              Type           Power      Damage    Failure   Level
a - Slow                  Hex            16%        N/A       19%         1

Your spell library contained the following spells:

 Spells                   Type           Power      Damage    Failure   Level
 Inner Flame              Hex/Fire       2%         N/A       63%         3
 Portal Projectile        Hex/Tloc       4%         N/A       63%         3
 Cause Fear               Hex            2%         N/A       88%         4

Inventory:

Hand Weapons
 Y - a +2 sling (weapon)
Armour
 e - a +2 cloak (worn)
 g - a +3 leather armour (worn)
Jewellery
 a - a ring of protection from fire (left hand)
Scrolls
 j - a scroll of identify
 l - a scroll of teleportation
Potions
 b - a potion of haste
 d - a potion of curing

Dungeon Overview and Level Annotations

Branches:
Dungeon (5/15)
 Temple: D:4-7

Altars:
Okawaru
Ru
Uskayaw
Vehumet

Shops:
D:1 [![   D:5 *


Message History

You feel very sick. The water moccasin closely misses you.
You furiously retaliate!
You headbutt the water moccasin. The water moccasin barely misses you.
The water moccasin bites you!
You are more poisoned.
The water moccasin poisons you!
3093 ||| INVOKING Heroism.
You fail to use your ability.
You feel very sick.
The water moccasin bites you but does no damage.
The water moccasin completely misses you.
The water moccasin closely misses you. You furiously retaliate!
You headbutt the water moccasin.
3094 ||| INVOKING Heroism.
You gain the combat prowess of a mighty hero.
You feel very sick. The water moccasin bites you! The water moccasin bites you.
The water moccasin bites you but does no damage.
You shoot a sling bullet.
The sling bullet closely misses the water moccasin.
You feel sick.
The water moccasin bites you but does no damage. x2
You shoot a sling bullet.
The sling bullet hits the water moccasin!
You kill the water moccasin!
Okawaru is honoured by your kill.
You feel sick.
Your Invocations skill increases to level 1!
You shoot a sling bullet.
The sling bullet barely misses the water moccasin.
You feel sick. The water moccasin misses you. The water moccasin bites you.
3098 ||| READING 2 scrolls of teleportation.
As you read the scroll of teleportation, it crumbles to dust.
You feel strangely unstable.
You feel sick.
The water moccasin bites you but does no damage.
The water moccasin misses you.
You shoot a sling bullet.
The sling bullet barely misses the water moccasin.
You feel sick. The water moccasin bites you. x2
You die...

#......#
#......#
#......# ##+
#......# #..
#......# #.\
#......# #..
##......#
#S##..######
#S@..##
######


You could see 2 water moccasins.

Vanquished Creatures
  A water moccasin (D:5)
  A phantom (D:4)
  2 orc priests (D:4)
  2 iguanas
  2 orc wizards (D:4)
  4 gnolls (D:4)
  3 adders
  An ufetubus (D:4)
  2 worms
  2 dart slugs
  10 orcs
  A bat (D:2)
  3 endoplasms
  5 giant cockroaches
  5 goblins
  4 hobgoblins
  4 jackals
  7 quokkas
  8 ball pythons
  2 frilled lizards
  8 kobolds
  3 rats
80 creatures vanquished.

Notes
Turn   | Place    | Note
-------+----------+-------------------------------------------
     0 | D:1      | qw the Minotaur Hexslinger began the quest for the Orb.
     0 | D:1      | Reached XP level 1. HP: 16/16 MP: 1/1
     0 | D:1      | 0 ||| qw: Version: 0.3-a-32-g5962c71
     0 | D:1      | 0 ||| qw: Game counter: 7325
     0 | D:1      | 0 ||| qw: Melee chars always use a shield: true
     0 | D:1      | 0 ||| qw: God list: Okawaru
     0 | D:1      | 0 ||| qw: Allow faded altars: false
     0 | D:1      | 0 ||| qw: Do Orc after clearing Dungeon:15 true
     0 | D:1      | 0 ||| qw: Do second Lair branch before Depths: true
     0 | D:1      | 0 ||| qw: Lair rune preference: random
     0 | D:1      | 0 ||| qw: Goals: Normal
     0 | D:1      | 0 ||| PLANNING D:1-11
    45 | D:1      | Reached skill level 3 in Ranged Weapons
    45 | D:1      | Reached XP level 2. HP: 10/23 MP: 2/2
   109 | D:1      | Found Piv Gallu's Antique Armour Shoppe.
   119 | D:1      | 119 ||| SHOPLISTING fine robe (125 gold, have 30).
   119 | D:1      | 119 ||| SHOPLISTING leather armour (44 gold, have 30).
   119 | D:1      | 119 ||| SHOPLISTING runed hat (154 gold, have 30).
   119 | D:1      | 119 ||| SHOPLISTING turquoise-encrusted ring mail (198
                  | gold, have 30).
   179 | D:1      | Found Duuw's Distillery.
   190 | D:1      | 190 ||| SHOPLISTING 2 potions of heal wounds (120 gold,
                  | have 30).
   190 | D:1      | 190 ||| SHOPLISTING potion of cancellation (96 gold, have
                  | 30).
   190 | D:1      | 190 ||| SHOPLISTING potion of enlightenment (60 gold, have
                  | 30).
   190 | D:1      | 190 ||| SHOPLISTING potion of heal wounds (60 gold, have
                  | 30).
   480 | D:1      | Found Uxiattea's Armour Shoppe.
   484 | D:1      | Reached XP level 3. HP: 29/29 MP: 3/3
   496 | D:1      | 496 ||| SHOPLISTING +0 ring mail (56 gold, have 30).
   496 | D:1      | 496 ||| SHOPLISTING +4 ring mail of Awe {Fly Dex+4} (581
                  | gold, have 30).
   781 | D:1      | 781 ||| UPGRADING to +2 cloak.
   786 | D:1      | 786 ||| READING scroll labelled LIZEOQINOSS.
   787 | D:1      | 787 ||| READING scroll labelled ZYMUZXE DARAE.
   788 | D:1      | 788 ||| READING scroll labelled NUCKEEZUGO.
   789 | D:1      | 789 ||| READING scroll labelled ESTITUC JEROCH.
   794 | D:1      | 794 ||| DROPPING scroll of poison.
   917 | D:2      | Reached skill level 4 in Ranged Weapons
   983 | D:2      | Found a sacrificial altar of Ru.
  1356 | D:2      | 1356 ||| UPGRADING to +0 ring mail.
  1366 | D:2      | 1366 ||| DROPPING +0 robe.
  1367 | D:2      | 1367 ||| UPGRADING to +3 leather armour.
  1377 | D:2      | 1377 ||| DROPPING +0 ring mail.
  1378 | D:2      | 1378 ||| UPGRADING to ring of protection from fire.
  1379 | D:2      | 1379 ||| DROPPING ring of wizardry.
  1380 | D:2      | 1380 ||| READING scroll labelled LAGIUL CAENG.
  1381 | D:2      | 1381 ||| READING scroll labelled ULEFUB KAESMA.
  1620 | D:3      | Reached XP level 4. HP: 36/36 MP: 4/4
  1624 | D:3      | Found a radiant altar of Vehumet.
  1846 | D:3      | 1846 ||| READING scroll labelled ALIERIA ENNA.
  1847 | D:3      | 1847 ||| READING scroll labelled VAONAI FAEHUEL.
  1848 | D:3      | 1848 ||| READING scroll labelled XAYFUNTYOWK.
  1849 | D:3      | 1849 ||| DRINKING 2 sapphire potions.
  1850 | D:3      | 1850 ||| DRINKING 2 lumpy red potions.
  2001 | D:4      | Found an iron altar of Okawaru.
  2003 | D:4      | Found a hide-covered altar of Uskayaw.
  2028 | D:4      | Reached skill level 5 in Ranged Weapons
  2107 | D:4      | 2107 ||| PLANNING OKAWARU WORSHIP
  2117 | D:4      | Became a worshipper of Warmaster Okawaru
  2118 | D:4      | 2118 ||| PLANNING D:1-11
  2302 | D:4      | Reached skill level 3 in Fighting
  2302 | D:4      | Reached XP level 5. HP: 39/45 MP: 5/5
  2306 | D:4      | 2306 ||| FLEEEEING.
  2307 | D:4      | 2307 ||| FLEEEEING.
  2317 | D:4      | HP: 11/45 [gnoll/+0 flail (2)]
  2318 | D:4      | 2318 ||| READING 3 scrolls of teleportation.
  2319 | D:4      | 2319 ||| DRINKING potion of heal wounds.
  2528 | D:4      | 2528 ||| Stepping ~*~*~tactically~*~*~ (outnumbered).
  2538 | D:4      | Reached skill level 6 in Ranged Weapons
  2775 | D:4      | 2775 ||| READING 2 scrolls of identify.
  2775 | D:4      | 2775 ||| IDENTIFYING puce potion
  2825 | D:5      | Entered Level 5 of the Dungeon
  2828 | D:5      | Noticed a phantom
  2834 | D:5      | 2834 ||| STAIRDANCE
  2842 | D:4      | Reached skill level 1 in Armour
  2842 | D:4      | Reached XP level 6. HP: 34/51 MP: 6/6
  2905 | D:5      | 2905 ||| STAIRDANCE
  2918 | D:4      | Reached * piety under Okawaru
  3089 | D:5      | Found Poowaefio's Serpentskin Sales.
  3089 | D:5      | Noticed a water moccasin
  3090 | D:5      | Noticed a water moccasin
  3090 | D:5      | Noticed a water moccasin
  3093 | D:5      | 3093 ||| INVOKING Heroism.
  3094 | D:5      | 3094 ||| INVOKING Heroism.
  3096 | D:5      | Killed a water moccasin
  3097 | D:5      | Reached skill level 1 in Invocations
  3097 | D:5      | HP: 13/53 [poisoned by a water moccasin]
  3098 | D:5      | 3098 ||| READING 2 scrolls of teleportation.
  3098 | D:5      | HP: 6/53 [poisoned by a water moccasin]
  3099 | D:5      | HP: 2/53 [water moccasin (3)]
  3099 | D:5      | Slain by a water moccasin

Levels and vault maps discovered:
D:1:      spicycebolla_arrival_xxxplode, layout_basic, serial_shops,
          nicolae_shop_tiny_waterfront, shop, nicolae_shop_crystal,
          minmay_domino_2
D:2:      layout_basic, basic_altar
D:3:      layout_basic, nicolae_overflow_crystal_walls
D:4:      layout_loops_corners, jmf_multi_god_temple, minmay_misc_feat_alley
D:5:      layout_gridville, minmay_temple_entry_fiery, grunt_ministairs_2,
          guppyfry_shop_venom

Skill      XL: |  1  2  3  4  5  6 |
---------------+-------------------+-----
Ranged Weapons | 3 4 5 6 |  6.6
Fighting       | 2 3 4 |  4.4
Armour         | 1 |  1.5
Invocations    | 1 |  1.7
Dodging        | |  2.1
Spellcasting   | |  1.0
Hexes          | |  2.0

Action                     |  1- 3 |  4- 6 || total
---------------------------+-------+-------++-------
   Fire: Sling             |   149 |   144 ||   293
 Invoke: Heroism           |       |     1 ||     1
    Use: Scroll            |     6 |     6 ||    12
         Potion            |       |     3 ||     3
 Armour: Robe              |    12 |       ||    12
         Leather armour    |     1 |    46 ||    47
  Dodge: Dodged            |    43 |    67 ||   110

Table legend:
 A = Non-vault XP
 B = Vault XP
 C = Vault XP percentage of total XP
 D = Non-vault monster count
 E = Vault monster count
 F = Vault count percentage of total count
                 A         B        C        D         E       F
            +---------+---------+-------+---------+---------+-------
      Total |     566 |     148 |  20.7 |      76 |       4 |   5.0
            +---------+---------+-------+---------+---------+-------
        D:1 |      42 |       2 |   4.5 |      24 |       1 |   4.0
        D:2 |      42 |       0 |   0.0 |      15 |       0 |   0.0
        D:3 |      24 |       0 |   0.0 |      12 |       0 |   0.0
        D:4 |     419 |       4 |   0.9 |      24 |       2 |   7.7
        D:5 |      39 |     142 |  78.5 |       1 |       1 |  50.0
            +---------+---------+-------+---------+---------+-------
